 Dungeon Crawl Stone Soup version 0.26-a0-712-ga5a9c9c9d0 (webtiles) character file.

Game seed: 51758245519089532

508 MalarOregon the Sneak (level 6, -1/49 HPs)
             Began as a Draconian Enchanter on Nov 11, 2020.
             Succumbed to a scorpion's poison
             ... on level 3 of the Dungeon.
             The game lasted 00:12:22 (6897 turns).

MalarOregon the Sneak (Draconian Enchanter)         Turns: 6897, Time: 00:12:23

Health: -1/49      AC:  6    Str: 10      XL:     6   Next: 98%
Magic:  10/10      EV: 11    Int: 14 (15) God:
Gold:   198        SH:  9    Dex: 24 (26) Spells: 9/11 levels left

rFire    . . .     SeeInvis .   a - +3 dagger
rCold    . . .     Faith    .   h - +0 kite shield
rNeg     . . .     Spirit   .   (armour unavailable)
rPois    .         Reflect  .   (helmet restricted)
rElec    .         Harm     .   (no cloak)
rCorr    .         Rampage  .   (no gloves)
MR       .....                  (no boots)
Stlth    +++.......             (no amulet)
HPRegen  0.16/turn              d - +6 ring of dexterity
MPRegen  0.12/turn              m - +6 ring of dexterity

@: lethally poisoned (-1 -> -23), stab
A: unfitting armour, cold-blooded, AC +6
a: no special abilities


You were on level 3 of the Dungeon.
You visited 1 branch of the dungeon, and saw 4 of its levels.

You collected 198 gold pieces.

Inventory:

Hand Weapons
 a - a +3 dagger (weapon)
 g - a +1 vorpal mace
   (You found it on level 1 of the Dungeon)
Armour
 h - a +0 kite shield (worn)
   (You found it on level 1 of the Dungeon)
Jewellery
 d - a +6 ring of dexterity (left hand)
   (You found it on level 1 of the Dungeon)
 m - a +6 ring of dexterity (right hand)
   (You found it on level 3 of the Dungeon)
Scrolls
 b - 2 scrolls of remove curse {@r2}
 e - 4 scrolls of teleportation {@r4}
 f - a scroll of magic mapping {unknown}
 k - 7 scrolls of identify {@r1}
 l - a scroll of immolation {!r}
 n - a scroll of blinking
Potions
 i - a potion of magic


   Skills:
 + Level 2.3 Fighting
 * Level 3.6 Short Blades
 + Level 2.9 Dodging
 + Level 3.7 Stealth
 + Level 2.2 Shields
 + Level 3.1 Spellcasting
 + Level 3.4 Hexes


You had 9 spell levels left.
You knew the following spells:

 Your Spells              Type           Power        Failure   Level
x - Ensorcelled Hibernat  Hex/Ice        #.....       63%         2

Your spell library contained the following spells:

 Spells                   Type           Power        Failure   Level
 Corona                   Hex            ##.....      26%         1
 Confusing Touch          Hex            ##......     61%         3
 Tukima's Dance           Hex            ##......     61%         3
 Sandblast                Erth           #.....       73%         1
 Dazzling Flash           Conj/Hex       #.....       85%         3
 Passwall                 Tmut/Erth      #.......     86%         2
 Stone Arrow              Conj/Erth      #.....       97%         3
 Petrify                  Tmut/Erth      #.......     100%        4
 Lee's Rapid Deconstruct  Erth           #.........   100%        5


Dungeon Overview and Level Annotations

Branches:
Dungeon (4/15)
 Temple: D:4-7

Altars:
Ashenzari

Annotations:
D:2 1 runed translucent door, Crazy Yiuf
D:3 1 runed translucent door, Bliebski's ghost, amateur OpTm; Robin


Innate Abilities, Weirdness & Mutations

Your plain brown scales are hard. (AC +6)
You cannot fit into any form of body armour.
You are cold-blooded and may be slowed by cold attacks.


Message History

The scorpion closely misses you.
You closely miss the scorpion. The scorpion closely misses you.
You hit the scorpion but do no damage.
You feel sick. The scorpion barely misses you.
You barely miss the scorpion.
You feel sick.
The scorpion stings you but does no damage.
You hit the scorpion but do no damage.
The scorpion stings you but does no damage.
You hit the scorpion. You tail-slap the scorpion.
You feel sick. The scorpion closely misses you.
You barely miss the scorpion. You hit the scorpion.
You feel sick. You block the scorpion's attack.
You barely miss the scorpion. The scorpion stings you.
You are more poisoned.
The scorpion poisons you!
You hit the scorpion but do no damage.
You feel sick. The scorpion stings you.
* * * LOW HITPOINT WARNING * * *
You are lethally poisoned!
The scorpion poisons you!
It was a potion of stabbing.
You feel ready to backstab.
* * * LOW HITPOINT WARNING * * *
You feel sick. The scorpion stings you.
* * * LOW HITPOINT WARNING * * *
You are more poisoned.
The scorpion poisons you!
Unknown command.
* * * LOW HITPOINT WARNING * * *
You feel very sick.
You see here a +0 dagger.
Unknown command.
* * * LOW HITPOINT WARNING * * *
You feel very sick.
Things that are here:
a +0 robe; a +0 dagger
* * * LOW HITPOINT WARNING * * *
You feel very sick.
Unknown command.
You aren't carrying any items that you can evoke.
Unknown command.
Okay, then.
* * * LOW HITPOINT WARNING * * *
You feel sick.
* * * LOW HITPOINT WARNING * * *
You feel very sick.
Unknown command.
Unknown command.
* * * LOW HITPOINT WARNING * * *
You feel sick.
You die...

...#####.# #########...#W..
.).(.....# ##.........#.##..
..####...########..#########..##.
#####.............## #.......##
##.(#.##....##### ##.#####..#
###..##...[##..# ###..# ##..
#...).).).>###.## ###...## ###
##########)###=.###...### #..
##.[..s.@...###### #..
#....###.........######.. #.####
##.######.)....... #### ###.# #.#
#######... ...# #...# #.## ##>.
...####.### #.<# #.. ........#
##.### #.. ........##### #...#
#### ...####.....#### ###.##
##...


You could see a scorpion.

Vanquished Creatures
  A bullfrog (D:3)
  A scorpion (D:4)
  A howler monkey (D:3)
  2 orc priests (D:3)
  An orc wizard (D:3)
  2 worker ants
  A hound skeleton (D:4)
  4 gnolls
  8 adders
  A worm (D:3)
  3 dart slugs
  2 leopard geckos (D:3)
  5 orcs
  A giant cockroach (D:2)
  16 goblins
  7 hobgoblins
  6 jackals
  8 kobolds
  A ball python (D:2)
  A ball python skeleton (D:4)
  11 bats
  4 frilled lizards
  A quokka skeleton (D:4)
  10 rats
98 creatures vanquished.

Vanquished Creatures (others)
  4 fungi (D:2)
  2 plants (D:4)
6 creatures vanquished.

Grand Total: 104 creatures vanquished

Notes
Turn   | Place    | Note
-------+----------+-------------------------------------------
     0 | D:1      | MalarOregon the Draconian Enchanter began the quest for the
                  | Orb.
     0 | D:1      | Reached XP level 1. HP: 14/14 MP: 3/3
   382 | D:1      | You fall into a shaft and drop 1 floor!
   396 | D:2      | Reached XP level 2. HP: 15/22 MP: 5/5
   742 | D:1      | Learned a level 2 spell: Ensorcelled Hibernation
  1091 | D:1      | Reached XP level 3. HP: 27/27 MP: 6/6
  1273 | D:2      | Reached skill level 1 in Fighting
  1493 | D:2      | Reached XP level 4. HP: 27/35 MP: 7/7
  1827 | D:3      | Noticed Robin
  2047 | D:4      | Noticed a bullfrog
  2201 | D:2      | Reached skill level 1 in Shields
  2368 | D:2      | Found a runed translucent door.
  2369 | D:2      | Noticed Crazy Yiuf
  3689 | D:1      | Reached XP level 5. HP: 29/40 MP: 8/8
  4502 | D:2      | Found a runed translucent door.
  4783 | D:3      | Found a broken altar of Ashenzari.
  4804 | D:3      | Noticed Bliebski's ghost (amateur OpTm)
  4808 | D:3      | Found a runed translucent door.
  5510 | D:3      | Reached XP level 6. HP: 45/48 MP: 10/10
  6896 | D:3      | HP: 1/49 [poisoned by a scorpion]
  6897 | D:3      | Succumbed to a scorpion's poison

Illustrated notes

Levels and vault maps discovered:
D:1:      psy_arrival_dodecagon, layout_basic, minmay_curled_crystal
D:2:      layout_loops_ring, uniq_crazy_yiuf_cottage
D:3:      layout_rooms, nicolae_ashenzari_panopticon,
          hellmonk_ghost_happy_afterlife, uniq_robin
D:4:      layout_loops_ring, kennysheep_mini, minmay_temple_entry_overgrown,
          serial_shops, shop, kennysheep_mini_moat, minmay_puff

Skill      XL: |  1  2  3  4  5  6 |
---------------+-------------------+-----
Dodging        | 2 |  2.9
Stealth        | 3 |  3.7
Fighting       | 1 2 |  2.3
Short Blades   | 2 3 |  3.6
Shields        | 1 2 |  2.2
Hexes          | 3 |  3.4
Spellcasting   | 3 |  3.1

Action                   |  1- 3 |  4- 6 || total
-------------------------+-------+-------++-------
Melee: Dagger            |   131 |   287 ||   418
       Tailslap          |    15 |    65 ||    80
       Mace              |     1 |       ||     1
  Use: Scroll            |     1 |     7 ||     8
       Potion            |       |     3 ||     3
 Stab: Sleeping          |     3 |     6 ||     9
       Distracted        |       |     2 ||     2
       Invisible         |       |     1 ||     1
Armor: Skin              |    37 |    87 ||   124
Dodge: Dodged            |    74 |   149 ||   223
Block: Kite shield       |    15 |   126 ||   141

Table legend: (Time is in decaauts)
 A = Elapsed time spent in this place.
 B = Non-inter-level travel time spent in this place.
 C = Inter-level travel time spent in this place.
 D = Time resting spent in this place.
 E = Time spent auto-exploring this place.
 F = Levels seen in this place.
 G = Mean time per level.
                   A        B        C        D        E       F      G
               +--------+--------+--------+--------+--------+-----+--------+
         Total |   6889 |   6692 |    197 |   2672 |   2717 |   4 | 1722.2 |
       Dungeon |   6889 |   6692 |    197 |   2672 |   2717 |   4 | 1722.2 |
               +--------+--------+--------+--------+--------+-----+--------+

Top non-repeatable levels by time:
     D:2: 2489 daAuts
     D:3: 2170 daAuts
     D:1: 1819 daAuts
     D:4: 410 daAuts
